 Dungeon Crawl Stone Soup version 0.17-a0-854-g4a4ba72 (webtiles) character file.

7536 RobertPalmer the Martial Artist (level 11, -6/51 HPs)
             Began as a Vine Stalker Transmuter on Apr 29, 2015.
             Was a High Priest of Makhleb.
             Mangled by a komodo dragon (21 damage)
             ... on level 2 of the Lair of Beasts.
             The game lasted 00:28:32 (9935 turns).

RobertPalmer the Martial Artist (VSTm)              Turns: 9935, Time: 00:28:32

Health: -6/51      AC:  6    Str: 14    XL:     11   Next: 16%
Magic:  0/15       EV: 12    Int: 16    God:    Makhleb [*****.]
Gold:   635        SH:  0    Dex: 14    Spells: 4 memorised, 3 levels left

rFire  + . .     SeeInvis +       - Unarmed
rCold  . . .     Clarity  .     r - +0 robe {rF+}
rNeg   . . .     SustAb   .     (shield currently unavailable)
rPois  .         Gourm    .     e - +0 helmet
rElec  .         Spirit   +     t - +1 cloak {MR+}
rCorr  .         Warding  .     (gloves currently unavailable)
rMut   .         Stasis   .     (no boots)
MR     ++...                    n - amulet of rage {+Rage, !d}
Stlth  ++........               (no ring)
                                u - ring of see invisible {sInv, !d}

@: blade hands, very resistant to hostile enchantments, unstealthy
A: fangs 3, regeneration 2, shaggy fur 1, magic shield, antimagic bite, no
device heal 3, rot immunity
a: End Transformation, Minor Destruction, Lesser Servant of Makhleb, Major
Destruction, Greater Servant of Makhleb, Renounce Religion, Evoke Berserk Rage


You were on level 2 of the Lair of Beasts.
You worshipped Makhleb.
Makhleb was extremely pleased with you.
You were hungry.
You had blades for hands.
You visited 3 branches of the dungeon, and saw 13 of its levels.
You also visited: Ice Cave.

You collected 635 gold pieces.

Inventory:

Missiles
 a - 150 arrows
 B - 5 curare-tipped needles
 G - 12 arrows of frost
 N - 16 arrows of flame
Armour
 e - a +0 helmet (worn)
   (You took it off Robin on level 2 of the Dungeon)
 r - a +0 robe of fire resistance (worn)
   (You took it off Jessica on level 3 of the Dungeon)
 t - a +1 cloak of magic resistance (worn)
   (You took it off Crazy Yiuf on level 3 of the Dungeon)
 H - a +0 pair of gloves (melded)
   (You found it on level 6 of the Dungeon)
 R - a +0 pair of boots
   (You found it on level 1 of the Lair of Beasts)
Jewellery
 n - an amulet of rage (around neck) {+Rage, !d}
   (You found it on level 3 of the Dungeon)
 q - an uncursed ring of ice {rC+, rF-}
   (You took it off Fannar on level 1 of the Lair of Beasts)
 u - a ring of see invisible (left scythe-like blade) {sInv, !d}
   (You found it on level 4 of the Dungeon)
 D - the ring of Grontol {rElec rPois rC+ Str-4 Dex-5}
   (You found it on level 7 of the Dungeon)

   [ring of poison resistance]

   It affects your strength (-4).
   It affects your dexterity (-5).
   It protects you from cold.
   It insulates you from electricity.
   It protects you from poison.
 F - an uncursed amulet of stasis {Stasis, !d}
   (You found it on level 7 of the Dungeon)
 J - an uncursed ring of fire {rF+, rC-}
   (You found it on level 6 of the Dungeon)
Magical devices
 o - a wand of digging (17)
   (You found it on level 1 of the Lair of Beasts)
Scrolls
 f - 2 scrolls of amnesia
 g - a scroll of enchant armour
 p - 7 scrolls of remove curse
 v - a scroll of fog
 z - 3 scrolls of recharging
 P - a scroll of identify
Potions
 b - a potion of berserk rage {unknown}
 h - 2 potions of cancellation {unknown}
 j - a potion of restore abilities {unknown}
 k - 3 potions of brilliance
 m - a potion of lignification {unknown}
 s - 2 potions of heal wounds {unknown}
 x - a potion of haste {unknown}
 A - a potion of beneficial mutation {unknown}
 E - a potion of mutation {unknown}
 L - 2 potions of curing
 M - 3 potions of poison {unknown}
 O - a potion of might {unknown}
Books
 c - a book of Changes
 l - a book of Power
   (You found it on level 7 of the Dungeon)
 I - a Grand Grimoire {highlevel, unknown}
   (You found it on level 9 of the Dungeon)
Comestibles
 d - 6 bread rations {@e1}
 i - 5 meat rations {@e2}
 C - a slice of pizza
 S - a royal jelly


   Skills:
 + Level 2.5 Fighting
 - Level 1.5 Dodging
 - Level 12.3 Unarmed Combat
 - Level 2.1 Spellcasting
 - Level 10.2 Transmutations
 - Level 4.8 Evocations


You had 3 spell levels left.
You knew the following spells:

 Your Spells              Type           Power        Failure   Level  Hunger
c - Spider Form           Trmt/Pois      ###.......   45%         3    ###....
s - Sticks to Snakes      Trmt           ####......   12%         2    ###....
x - Blade Hands           Trmt           ####......   50%         5    ######.
z - Beastly Appendage     Trmt           ####..       12%         1    #......


Dungeon Overview and Level Annotations

Branches:
Dungeon (10/15)            Temple (1/1) D:5            Lair (2/8) D:9
    Orc: D:9-12

Altars:
Ashenzari
Cheibriados
Dithmenos
Elyvilon
Fedhas
Gozag
Kikubaaqudgha
Makhleb
Nemelex Xobeh
Okawaru
Qazlal
Ru
Sif Muna
Trog
Vehumet
Xom
Yredelemnul
Zin
The Shining One

Annotations:
D:10 sose's ghost, experienced DrTm
Lair:1 exclusion: hydra


Innate Abilities, Weirdness & Mutations

You have razor-sharp teeth.
You heal very quickly.
You are covered in fur (AC +1).
When hurt, damage is shared between your health and your magic reserves.
Your bite disrupts and absorbs the magic of your enemies.
Potions and wands cannot restore your health.
You are immune to rotting.


Message History

You feel a little better.
Your hands revert to their normal proportions.
Your +0 pair of gloves unmelds from your body.
You regained 3 hp, and now have 23/51 hp.
You hit the white imp. Your bite misses the white imp.
The white imp gestures at you. The puff of frost hits you!
You take 4 damage, and have 19/51 hp.
You now have 7/15 mp.
You punch the white imp!
You kill the white imp!
Makhleb accepts your kill.
You feel a little better. The white imp gestures at you.
The puff of frost hits you!
* * * LOW HITPOINT WARNING * * *
The white imp hits you.
* * * LOW HITPOINT WARNING * * *
The white imp freezes you.
* * * LOW HITPOINT WARNING * * *
You take 13 damage, and have 6/51 hp.
MASSIVE DAMAGE!!
You now have 2/15 mp.
Drink which item? (? for menu, Esc to quit)
Okay, then.
You punch the white imp! You bite the white imp.
The white imp's magic leaks into the air.
You drain its magic.
You feel invigorated.
You kill the white imp!
Makhleb accepts your kill.
You feel a little better.
You regained 4 hp, and now have 10/51 hp.
You regained 3 mp, and now have 5/15 mp.
You hit the white imp. Your punch misses the white imp.
Your bite misses the white imp.
The white imp hits you but does no damage.
You barely miss the white imp. The white imp barely misses you.
You punch the white imp!
You kill the white imp!
Makhleb accepts your kill.
You feel a little better.
You regained 4 hp, and now have 14/51 hp.
You hear the faint crackling of a melting archway.
There is a stone staircase leading down here.
v - a scroll of fog
i - 5 meat rations {@e2} (gained 1)
There is a frozen archway here.
Eat which item? (? for menu, Esc to quit)
Yeuchh!
Anchovies.
The world spins around you as you enter the gateway.
You enter an ice cave! 7 ice beasts and a player ghost come into view.
ImmaFairy's ghost turns its malevolent gaze towards you.
Found a robe, a runed rapier and a potion of curing.
Found an ice covered gate leading back out of this place.
There is an ice choked empty arch of ancient stone here.
Unknown command.
Unknown command.
Unknown command.
Unknown command.
Here: ImmaFairy's ghost The floor.
There is an ice covered gate leading back out of this place here.
Welcome back to the Lair of Beasts!
There is a collapsed entrance here.
A komodo dragon comes into view.
The komodo dragon hisses angrily.
A yak comes into view.
You regained 5 hp, and now have 48/51 hp.
There are monsters nearby!
There are monsters nearby!
There are monsters nearby!
There are monsters nearby!
Your hands turn into razor-sharp scythe blades.
Your +0 pair of gloves melds into your body.
The yak bellows!
You are feeling hungry. 3 yaks come into view.
You now have 9/15 mp.
A yak comes into view.
The yak bellows! x3
A yak comes into view.
The komodo dragon bites you!!
You take 15 damage, and have 35/51 hp.
MASSIVE DAMAGE!!
You now have 7/15 mp.
You hit the komodo dragon. You bite the komodo dragon. You drain its power.
You feel invigorated.
You regained 3 mp, and now have 10/15 mp.
You slash the komodo dragon! You bite the komodo dragon. You drain its power.
You feel invigorated. The komodo dragon bites you!
You take 7 damage, and have 28/51 hp.
You regained 3 mp, and now have 13/15 mp.
You slash the komodo dragon! The komodo dragon bites you!!
* * * LOW HITPOINT WARNING * * *
You take 14 damage, and have 14/51 hp.
MASSIVE DAMAGE!!
You now have 6/15 mp.
You slice the komodo dragon!! Your bite misses the komodo dragon.
The komodo dragon bites you!!
You die...

*...,,,,,,,,,,,,,,.
*#...,,*,***,**,,*#
#..#***** ******##
#..##**#* ***##.
#Y..##..#****.##P.
#YY....,,,,,......
#YYY.,,,,,,,,.....
#lP#,****,,*,##.##
##@#*** ******#,*
#..## *** #...#
##.## ##.## ***
#P..# **.# ##*###
##.######P.###.##..
#..................
##..............(..


You could see a komodo dragon and 6 yaks.

Vanquished Creatures
  Fannar (Lair:1)
  A black mamba (Lair:1)
  2 spiny frogs (Lair:1)
  A komodo dragon (Lair:1)
  2 trolls
  Grinder (D:6)
  Sigmund (D:4)
  A hippogriff (Lair:1)
  2 basilisks
  Edmund (D:4)
  2 water moccasins
  A porcupine (Lair:1)
  5 orc warriors
  3 ogres
  2 black bears
  3 centaurs
  A necrophage (D:9)
  3 boring beetles (D:9)
  2 crocodiles (Lair:1)
  7 giant frogs
  3 scorpions
  A water moccasin skeleton (D:6)
  The ghost of namelastname112 the Caller, a weakling DrSu (D:3)
  8 killer bees (D:8)
  3 crimson imps
  A giant frog zombie (D:9)
  5 orc priests
  2 quasits
  Crazy Yiuf (D:3)
  7 hounds
  2 centaur skeletons
  3 worker ants
  3 giant frog skeletons
  An iguana (Lair:1)
  7 orc wizards
  A hound zombie (D:6)
  2 hound skeletons
  Robin (D:2)
  7 adders
  2 gnolls (D:7)
  A shadow imp (D:3)
  13 white imps
  7 river rats (Lair:1)
  An ooze (D:2)
  2 adder zombies
  4 worms (D:2)
  An adder skeleton (D:9)
  3 giant geckos
  43 orcs
  2 bat zombies
  20 goblins
  19 hobgoblins
  8 jackals
  11 kobolds
  3 quokkas
  A ball python (D:1)
  A ball python skeleton (D:5)
  18 bats
  4 giant cockroaches
  A giant gecko skeleton (D:6)
  6 giant newts
  A jackal skeleton (D:4)
  12 rats
  2 ballistomycetes (D:7)
287 creatures vanquished.

Vanquished Creatures (collateral kills)
  Jessica (D:3)
  A rat (D:3)
2 creatures vanquished.

Vanquished Creatures (others)
  A giant spore (D:7)
1 creature vanquished.

Grand Total: 290 creatures vanquished

Notes
Turn   | Place    | Note
--------------------------------------------------------------
     0 | D:1      | RobertPalmer, the Vine Stalker Transmuter, began the quest for the Orb.
     0 | D:1      | Reached XP level 1. HP: 9/9 MP: 4/4
   359 | D:1      | Reached XP level 2. HP: 14/14 MP: 4/6
   637 | D:2      | Reached XP level 3. HP: 17/17 MP: 7/7
   680 | D:2      | Found a snail-covered altar of Cheibriados.
   847 | D:2      | Reached skill level 4 in Unarmed Combat
  1003 | D:2      | Reached XP level 4. HP: 9/21 MP: 3/8
  1156 | D:2      | Learned a level 2 spell: Sticks to Snakes
  1279 | D:3      | Noticed Robin
  1281 | D:3      | Noticed namelastname112's ghost (weakling DrSu)
  1455 | D:2      | Killed Robin
  1505 | D:3      | HP: 3/21 [goblin/uncursed dagger[Robin] (3)]
  1744 | D:3      | Noticed Crazy Yiuf
  1861 | D:2      | Reached skill level 5 in Unarmed Combat
  1921 | D:3      | HP: 5/21 [Crazy Yiuf/quarterstaff of chaos (9)]
  2068 | D:3      | Noticed Jessica
  2082 | D:3      | Found a shattered altar of Ashenzari.
  2089 | D:3      | Killed Jessica
  2089 | D:3      | Reached XP level 5. HP: 23/25 MP: 6/9
  2197 | D:3      | Reached skill level 1 in Evocations
  2345 | D:3      | Killed namelastname112's ghost
  2345 | D:3      | Reached skill level 2 in Evocations
  2432 | D:3      | Gained mutation: You heal very quickly. [Vine Stalker growth]
  2432 | D:3      | Reached XP level 6. HP: 20/29 MP: 8/10
  2635 | D:3      | Killed Crazy Yiuf
  2779 | D:4      | Reached skill level 3 in Evocations
  2823 | D:4      | Found a glowing golden altar of the Shining One.
  2848 | D:4      | Found a sacrificial altar of Ru.
  2855 | D:4      | Found a deep blue altar of Sif Muna.
  2872 | D:4      | Found an ancient bone altar of Kikubaaqudgha.
  2988 | D:4      | HP: 7/29 [poisoned by a worker ant]
  2993 | D:4      | HP: 4/29 [poisoned by a worker ant]
  2998 | D:4      | HP: 3/29 [poisoned by a worker ant]
  3003 | D:4      | HP: 2/29 [poisoned by a worker ant]
  3008 | D:4      | HP: 3/29 [poisoned by a worker ant]
  3015 | D:4      | HP: 4/29 [poisoned by a worker ant]
  3023 | D:4      | HP: 6/29 [poisoned by a worker ant]
  3406 | D:4      | Noticed Sigmund
  3413 | D:4      | Killed Sigmund
  3413 | D:4      | Reached skill level 4 in Evocations
  3413 | D:4      | Reached XP level 7. HP: 32/32 MP: 11/11
  3475 | D:4      | Noticed Edmund
  3484 | D:4      | Killed Edmund
  3484 | D:4      | Reached skill level 6 in Unarmed Combat
  3595 | D:5      | Entered Level 5 of the Dungeon
  3867 | D:5      | Found a staircase to the Ecumenical Temple.
  3872 | Temple   | Entered the Ecumenical Temple
  3908 | Temple   | Became a worshipper of Makhleb the Destroyer
  4312 | D:5      | Noticed a basilisk
  4312 | D:5      | a sky beast changed into a basilisk
  4317 | D:5      | Killed a basilisk
  4317 | D:5      | Reached skill level 7 in Unarmed Combat
  4317 | D:5      | Gained mutation: You have razor-sharp teeth. [Vine Stalker growth]
  4317 | D:5      | Reached XP level 8. HP: 37/37 MP: 12/12
  4800 | D:6      | Reached skill level 8 in Unarmed Combat
  5029 | D:6      | Found a blossoming altar of Fedhas.
  5089 | D:6      | Found a stormy altar of Qazlal.
  5135 | D:6      | Reached skill level 3 in Transmutations
  5140 | D:6      | Acquired Makhleb's first power
  5330 | D:6      | Reached skill level 4 in Transmutations
  5403 | D:6      | Noticed Grinder
  5413 | D:6      | Killed Grinder
  5413 | D:6      | Reached skill level 5 in Transmutations
  5413 | D:6      | Reached XP level 9. HP: 40/40 MP: 13/13
  5472 | D:6      | Reached skill level 6 in Transmutations
  5675 | D:6      | Identified a scroll of acquirement
  5772 | D:7      | Learned a level 3 spell: Spider Form
  5890 | D:7      | Got a scintillating bone ring
  5946 | D:7      | Identified the ring of Grontol {rElec rPois rC+ Str-4 Dex-5} (You found it on level 7 of the Dungeon)
  5976 | D:7      | Acquired Makhleb's second power
  5993 | D:7      | HP: 9/40 [centaur (4)]
  6149 | D:7      | Reached skill level 9 in Unarmed Combat
  6585 | D:7      | Found an iron altar of Okawaru.
  6934 | D:8      | Acquired Makhleb's third power
  7090 | D:8      | Reached skill level 10 in Unarmed Combat
  7587 | D:9      | Reached skill level 11 in Unarmed Combat
  7735 | D:9      | Reached XP level 10. HP: 44/44 MP: 12/14
  7817 | D:9      | Found a staircase to the Lair.
  8049 | D:9      | Reached skill level 12 in Unarmed Combat
  8062 | D:9      | Acquired Makhleb's fourth power
  8501 | D:10     | Entered Level 10 of the Dungeon
  8501 | D:10     | Noticed sose's ghost (experienced DrTm)
  8682 | Lair:1   | Entered Level 1 of the Lair of Beasts
  8714 | Lair:1   | Reached skill level 7 in Transmutations
  8783 | Lair:1   | Noticed Fannar
  8799 | Lair:1   | Killed Fannar
  8799 | Lair:1   | Reached skill level 8 in Transmutations
  8914 | Lair:1   | Reached skill level 9 in Transmutations
  9029 | Lair:1   | Learned a level 5 spell: Blade Hands
  9072 | Lair:1   | Noticed a black mamba
  9078 | Lair:1   | HP: 10/44 [black mamba (8)]
  9079 | Lair:1   | HP: 4/44 [black mamba (6)]
  9090 | Lair:1   | Killed a black mamba
  9090 | Lair:1   | Reached XP level 11. HP: 24/48 MP: 10/15
  9128 | Lair:1   | Reached skill level 10 in Transmutations
  9331 | Lair:1   | Noticed a black mamba
  9331 | Lair:1   | Noticed a five-headed hydra
  9351 | Lair:1   | HP: 6/48 [spiny frog (19)]
  9473 | Lair:1   | Reached skill level 1 in Fighting
  9585 | Lair:1   | Reached skill level 2 in Fighting
  9647 | Lair:1   | Acquired Makhleb's fifth power
  9836 | Lair:2   | Found a frozen archway.
  9862 | Lair:2   | HP: 12/51 [white imp/puff of frost (10)]
  9913 | IceCv    | Entered an ice cave
  9913 | IceCv    | Noticed ImmaFairy's ghost (experienced FoFi)
  9935 | Lair:2   | Mangled by a komodo dragon

Action                   |  1- 3 |  4- 6 |  7- 9 | 10-12 || total
-------------------------+-------+-------+-------+-------++-------
Melee: Unarmed           |   110 |   231 |   448 |   242 ||  1031
 Cast: Beastly Appendage |    23 |    25 |    21 |     2 ||    71
       Sticks to Snakes  |       |     7 |     2 |     3 ||    12
       Spider Form       |       |       |    10 |     7 ||    17
       Blade Hands       |       |       |       |     2 ||     2
 Abil: Evoke Berserk Rag |       |     1 |     5 |     3 ||     9
Evoke: Wand              |       |     8 |     7 |     7 ||    22
  Use: Scroll            |     7 |     3 |     7 |     5 ||    22
       Potion            |       |       |       |     5 ||     5
 Stab: Sleeping          |     1 |       |     1 |     1 ||     3
       Confused          |       |     1 |       |       ||     1
       Paralysed         |       |       |       |     7 ||     7
  Eat: Chunk             |       |    10 |    16 |     7 ||    33
       Beef jerky        |       |       |     2 |       ||     2
       Pizza             |       |       |       |     3 ||     3

Vault maps used:
D:1:      onia_arrival_pyramid, kennysheep_another_room
D:2:      cheibriados_altar_1
D:3:      ashenzari_altar_1, uniq_jessica, uniq_robin, uniq_crazy_yiuf_cottage
D:4:      nicolae_overflow_quartered_altars, first_bread,
          sigmund_edmund_badplayer
D:5:      kennysheep_six_static_rooms, temple_doors_d
D:6:      kennysheep_little_box, lemuel_doored_altar, uniq_grinder
D:7:      okawaru_altar_gauntlet_db
D:9:      erik_lair_boring
D:10:     serial_shops, shop, kennysheep_mini, enter_trove_2,
          hangedman_tell_no_tales
Temple:   eino_temple_water_12
Lair:1:   st_stairs_4, serial_bayou_shore_a, uniq_fannar
Lair:2:   portal_ice_cave_entry_imps
IceCv:    ice_cave_statue_garden_01

Table legend:
 A = Turns spent in this place as a percentage of turns spent in the entire game.
 B = Non-inter-level travel turns spent in this place as a percentage of non-inter-level travel turns spent in the entire game.
 C = Inter-level travel turns spent in this place as a percentage of turns spent in this place.
 D = Turns resting spent in this place as a percentage of non-inter-level travel turns spent in this place.
 E = Turns spent auto-exploring this place as a percentage of non-inter-level travel turns spent in this place.
 F = Non-inter-level travel turns spent in this place divided by the number of levels of this place that you've seen.
                   A       B       C       D       E      F
               +-------+-------+-------+-------+-------+----------------------
         Total | 100.0 | 100.0 |   0.6 |   2.7 |   8.1 | 325.4
       Dungeon |  82.1 |  82.0 |   0.6 |   2.7 |   9.3 | 373.8
        Temple |   0.9 |   0.9 |   2.5 |   0.0 |   0.0 |  39.0
          Lair |  16.9 |  16.9 |   0.3 |   2.6 |   3.1 | 385.5
      Ice Cave |   0.2 |   0.2 |   0.0 |   0.0 |   0.0 |   8.0
               +-------+-------+-------+-------+-------+----------------------

Table legend:
 A = Kills in this place as a percentage of kills in entire the game.
 B = Kills by you in this place as a percentage of kills by you in the entire game.
 C = Kills by friends in this place as a percentage of kills by friends in the entire game.
 D = Other kills in this place as a percentage of other kills in the entire game.
 E = Experience gained in this place as a percentage of experience gained in the entire game.
 F = Experience gained in this place divided by the number of levels of this place that you have seen.
                   A       B       C       D       E      F
               +-------+-------+-------+-------+-------+----------------------
         Total | 100.0 | 100.0 | 100.0 |  -nan | 100.0 | 769.1
       Dungeon |  87.4 |  87.3 | 100.0 |  -nan |  61.4 | 661.3
          Lair |  12.6 |  12.7 |   0.0 |  -nan |  38.6 | 2077.0
               +-------+-------+-------+-------+-------+----------------------
